 Dungeon Crawl Stone Soup version 0.29.0-13-gc9e81de378 (webtiles) character file.

Game seed: 6165285321603698314

7 xian the Ducker (level 1, -1/7 HPs)
             Began as a Felid Air Elementalist on Sept 9, 2022.
             Slain by a jackal (3 damage)
             ... on level 1 of the Dungeon.
             The game lasted 00:00:44 (586 turns).

xian the Ducker (Felid Air Elementalist)             Turns: 586, Time: 00:00:45

Health: -1/7       AC:  1    Str:  4    XL:     1   Next: 83%
Magic:  0/4        EV: 17    Int: 16    God:
Gold:   50         SH:  0    Dex: 16    Spells: 3/4 levels left
                                        Lives:  0   Deaths: 0

rFire   . . .      SeeInvis +   (weapon unavailable)
rCold   . . .      Faith    .   (shield unavailable)
rNeg    . . .      Spirit   .   (body armour unavailable)
rPois   .          Reflect  .   (helmet unavailable)
rElec   .          Harm     .   (cloak unavailable)
rCorr   .          Rampage  .   (gloves unavailable)
Will    .....                   (boots unavailable)
Stlth   ++........              (no amulet)
HPRegen 0.02/turn               (no ring)
MPRegen 0.09/turn               (no ring)

@: quick
A: very small, claws 1, fangs 3, see invisible, speed 1, shaggy fur 1, stealthy
paws, no weapons or thrown items, no armour, multi-lived
a: no special abilities


You were on level 1 of the Dungeon.
You visited 1 branch of the dungeon, and saw 1 of its levels.

You collected 50 gold pieces.

Inventory:

Scrolls
 b - a scroll of teleportation {unknown}
 c - a scroll of acquirement {unknown}
 d - a scroll of identify {unknown}
Potions
 a - a potion of magic


   Skills:
 + Level 2.9 Dodging
 + Level 2.9 Stealth
 + Level 2.2 Spellcasting
 + Level 0.8 Conjurations
 + Level 2.8 Air Magic


You had 3 spell levels left.
You knew the following spells:

 Your Spells              Type           Power      Damage    Failure   Level
a - Shock                 Conj/Air       28%        1d4       10%         1

Your spell library contained the following spells:

 Spells                   Type           Power      Damage    Failure   Level
 Static Discharge         Conj/Air       7%         3-4/arc   14%         2
 Swiftness                Air            10%        N/A       19%         3
 Airstrike                Air            5%         2d(1-17)  54%         4


Dungeon Overview and Level Annotations

Branches:
Dungeon (1/15)

Altars:


Innate Abilities, Weirdness & Mutations

You have sharp claws.
You have razor-sharp teeth.
You have supernaturally acute eyesight. (SInv)
You cover ground quickly. (Speed+)
You are covered in fur. (AC +1)
Your paws help you pounce on unaware monsters.
You are incapable of wielding weapons or throwing items.
You cannot wear armour.
You gain extra lives every three experience levels.


Message History

You now have 50 gold pieces (gained 15). 2 jackals come into view.
The zap hits the jackal.
The jackal is lightly wounded.
The jackal barks!
The zap hits the jackal.
The jackal is heavily wounded.
The jackal barks!
The zap hits the jackal.
You kill the jackal!
The zap hits the jackal.
The jackal is severely wounded.
A jackal comes into view.
Unknown command.
The zap misses the jackal.
The jackal barely misses you. The jackal completely misses you.
Unknown command.
The zap misses the jackal.
The jackal misses you.
Unknown command.
You are out of magic!
Unknown command.
You are out of magic!
You scratch the jackal but do no damage.
The jackal barely misses you. The jackal bites you.
The jackal bites you but does no damage.
You scratch the jackal but do no damage.
The jackal barely misses you. x2
You miss the jackal. The jackal closely misses you.
The jackal bites you but does no damage.
The jackal misses you.
Unknown command.
You scratch the jackal.
The jackal is almost dead.
The jackal bites you but does no damage.
The jackal closely misses you. The jackal bites you.
* * * LOW HITPOINT WARNING * * *
You closely miss the jackal.
The jackal is almost dead.
The jackal bites you.
You die...

### †.# #.# #.#
.# #.# .#
#h##########.#
#@h........#.##
#######.##....##
#.#....#.###
#.#.........
##..........
###.#..#.###.
#######...#...#.#
#
........#####...#
#
..#####...#...#†#
#


You could see 2 jackals.

Vanquished Creatures
  An endoplasm (D:1)
  A goblin (D:1)
  A hobgoblin (D:1)
  A jackal (D:1)
  A quokka (D:1)
5 creatures vanquished.

Notes
Turn   | Place    | Note
-------+----------+-------------------------------------------
     0 | D:1      | xian the Felid Air Elementalist began the quest for the
                  | Orb.
     0 | D:1      | Reached XP level 1. HP: 7/7 MP: 4/4
    57 | D:1      | Found a faded altar of an unknown god.
   586 | D:1      | Slain by a jackal

Illustrated notes

Levels and vault maps discovered:
D:1:      eino_arrival_druids_welcome, layout_loops_ring,
          hellmonk_ecumenical_altar_leap_of_faith

Action                   || total
-------------------------++-------
Melee: Unarmed           ||    14
 Cast: Shock             ||    14
Armor: Skin              ||     4
Dodge: Dodged            ||    14
